 Dungeon Crawl Stone Soup version 0.21.1-1-g345015f (webtiles) character file.

354 Ceann the Firebug (level 6, -1/55 HPs)
             Began as an Octopode Fire Elementalist on July 28, 2018.
             Slain by a scorpion (3 damage)
             ... on level 4 of the Dungeon.
             The game lasted 00:10:28 (2691 turns).

Ceann the Firebug (Octopode Fire Elementalist)      Turns: 2691, Time: 00:10:29

Health: -1/55      AC: 23    Str:  7    XL:     6   Next: 63%
Magic:  2/11       EV:  2    Int: 24    God:
Gold:   169        SH:  0    Dex: 13    Spells: 11/12 levels left

rFire    . . .     SeeInvis .   (no weapon)
rCold    . . .     Gourm    .   (no shield)
rNeg     + + +     Faith    .   (helmet currently unavailable)
rPois    +         Spirit   .   (no amulet)
rElec    .         Reflect  .   (no ring)
rCorr    .         Harm     .   (no ring)
MR       .....     NoTele   +   (no ring)
Stlth    ++........             (no ring)
HPRegen  0.18/turn              (no ring)
MPRegen  0.12/turn              (no ring)
                                (no ring)
                                (no ring)

@: brilliant, lethally poisoned (-1 -> -11), tree-form, very slightly
contaminated
A: almost no armour, stealthy swim, (amphibious), 8 rings, (constrict 8)
a: no special abilities


You were on level 4 of the Dungeon.
You were not hungry.
You were a tree.
You visited 1 branch of the dungeon, and saw 5 of its levels.

You collected 169 gold pieces.

Inventory:

Wands
 m - a wand of random effects (29)
Scrolls
 d - a scroll of identify {unknown}
 g - a scroll of blinking {unknown}
Potions
 h - 2 potions of flight
Books
 a - a book of Flames

   Spells                             Type                      Level
   a - Flame Tongue                   Conjuration/Fire             1
   b - Throw Flame                    Conjuration/Fire             2
   c - Conjure Flame                  Conjuration/Fire             3
   d - Inner Flame                    Hexes/Fire                   3
   e - Sticky Flame                   Conjuration/Fire             4
   f - Fireball                       Conjuration/Fire             5
 l - a book of Minor Magic

   Spells                             Type                      Level
   a - Magic Dart                     Conjuration                  1
   b - Blink                          Translocation                2
   c - Call Imp                       Summoning                    2
   d - Slow                           Hexes                        2
   e - Conjure Flame                  Conjuration/Fire             3
   f - Mephitic Cloud                 Conjuration/Poison/Air       3
Comestibles
 b - 2 rations
 i - 3 chunks of flesh


   Skills:
 + Level 0.7 Fighting
 + Level 2.4 Dodging
 + Level 3.9 Stealth
 + Level 0.4 Unarmed Combat
 + Level 3.5 Spellcasting
 + Level 2.9 Conjurations
 + Level 4.9 Fire Magic


You had 11 spell levels left.
You knew the following spells:

 Your Spells              Type           Power        Failure   Level  Hunger
a - Flame Tongue          Conj/Fire      #####        1%          1    None


Dungeon Overview and Level Annotations

Branches:
Dungeon (5/15)
 Temple: D:4-7

Altars:
Elyvilon
Okawaru
Qazlal
Uskayaw
Wu Jian

Annotations:
D:4 robotcentaur's ghost, novice CeWn


Innate Abilities, Weirdness & Mutations

You cannot wear most types of armour.
You are very stealthy in the water. (Stealth+)
((You are amphibious.))
You can wear up to eight rings at the same time.
((You can use your tentacles to constrict eight enemies at once.))
((Your skin changes colour to match your surroundings (Stealth+).))
((Your rubbery body absorbs attacks. (AC +1, EV +1)))


Message History

The sting hits you! You resist.
The scorpion stings you but does no damage.
You hit robotcentaur's ghost but do no damage.
Robotcentaur's ghost is moderately damaged.
Robotcentaur's ghost hits you but does no damage.
The scorpion stings you.
* * * LOW HITPOINT WARNING * * *
You are lethally poisoned!
The scorpion poisons you!
Aiming: Random Effects
Press: ? - help, Shift-Dir - straight line, f - you That beam is likely to hit you.
Continue anyway?
The fireball explodes!
The fireball engulfs you!
* * * LOW HITPOINT WARNING * * *
The fireball engulfs robotcentaur's ghost.
Robotcentaur's ghost is heavily damaged.
The fireball engulfs the scorpion.
The scorpion appears unharmed.
* * * LOW HITPOINT WARNING * * *
You feel sick. Robotcentaur's ghost barely misses you. The scorpion stings you.
You die...

.# #+##### .# ......#
.# ......# .#
......###########.#####
.†.....................
.>....!........W†s#
..?...##########♣.#
...$W.# #.......#
......# #....†..+
....!.# #.......#
...#### #....(..# ##'#
#.......# ... #........
... ########.#


You could see a scorpion and robotcentaur's ghost.

Vanquished Creatures
  An ogre (D:1)
  A howler monkey (D:4)
  An iguana (D:4)
  A worker ant (D:4)
  3 hound skeletons (D:3)
  3 gnolls (D:2)
  4 adders
  An adder skeleton (D:3)
  A worm (D:3)
  2 dart slugs
  4 leopard geckos
  9 orcs
  2 giant cockroaches (D:1)
  6 goblins
  4 hobgoblins
  3 jackals (D:3)
  12 kobolds
  3 quokkas (D:2)
  4 bats
  A frilled lizard (D:1)
  10 rats
76 creatures vanquished.

Notes
Turn   | Place    | Note
-------+----------+-------------------------------------------
     0 | D:1      | Ceann the Octopode Fire Elementalist began the quest for the Orb.
     0 | D:1      | Reached XP level 1. HP: 11/11 MP: 3/3
   142 | D:1      | Reached XP level 2. HP: 14/17 MP: 1/5
   997 | D:2      | Noticed an ogre
  1082 | D:1      | Killed an ogre
  1082 | D:1      | Reached skill level 4 in Fire Magic
  1082 | D:1      | Reached XP level 3. HP: 21/21 MP: 3/6
  1082 | D:1      | Reached XP level 4. HP: 27/27 MP: 3/7
  1169 | D:2      | Reached XP level 5. HP: 31/31 MP: 5/8
  1840 | D:2      | Found a stormy altar of Qazlal.
  1882 | D:2      | Found an ornate altar of the Wu Jian Council.
  1885 | D:2      | Found an iron altar of Okawaru.
  2107 | D:3      | Reached XP level 6. HP: 31/37 MP: 4/10
  2225 | D:3      | Found a white marble altar of Elyvilon.
  2449 | D:3      | Found a hide-covered altar of Uskayaw.
  2520 | D:3      | You fall through a shaft for 2 floors!
  2520 | D:5      | Entered Level 5 of the Dungeon
  2643 | D:4      | Noticed robotcentaur's ghost (novice CeWn)
  2691 | D:4      | HP: 2/55 [poisoned by a scorpion]
  2691 | D:4      | Slain by a scorpion

Skill      XL: |  1  2  3  4  5 |
---------------+----------------+-----
Stealth        | 3 |  3.9
Fire Magic     | 4 |  4.9
Conjurations   | 2 |  2.9
Spellcasting   | 3 |  3.5
Fighting       | |  0.7
Dodging        | |  2.4
Unarmed Combat | |  0.4

Action                   |  1- 3 |  4- 6 || total
-------------------------+-------+-------++-------
Melee: Unarmed           |    12 |    38 ||    50
       Constrict         |     3 |     5 ||     8
       Tentacles         |     2 |     3 ||     5
 Cast: Flame Tongue      |    26 |   118 ||   144
Evoke: Wand              |       |     1 ||     1
  Use: Potion            |       |     6 ||     6
 Stab: Invisible         |       |     1 ||     1
  Eat: Chunk             |     1 |     5 ||     6
Armor: Skin              |     4 |    76 ||    80
Dodge: Dodged            |    15 |    46 ||    61
